 Dungeon Crawl Stone Soup version 0.17-a0-913-g36eb389 (webtiles) character file.

355 drasked the Basher (level 6, -6/59 HPs)
             Began as an Ogre Hunter on May 3, 2015.
             Was an Initiate of Okawaru.
             Mangled by Lathuz's ghost (14 damage)
             ... on level 4 of the Dungeon.
             The game lasted 00:21:03 (5777 turns).

drasked the Basher (Ogre Hunter)                    Turns: 5777, Time: 00:21:03

Health: -6/59      AC:  3    Str: 23    XL:     6   Next: 63%
Magic:  6/6        EV: 10    Int: 10    God:    Okawaru [......]
Gold:   170        SH:  0    Dex: 10    Spells: 0 memorised, 5 levels left

rFire  . . .     SeeInvis .     t - +0 flail
rCold  . . .     Clarity  .     d - +0 robe
rNeg   . . .     SustAb   +     (no shield)
rPois  .         Gourm    .     (helmet restricted)
rElec  .         Spirit   .     (no cloak)
rCorr  .         Warding  .     (gloves unavailable)
rMut   .         Stasis   .     (boots unavailable)
MR     .....                    (no amulet)
Stlth  +.........               y - ring of sustain abilities {SustAb}
                                E - +3 ring of strength

@: not resistant to hostile enchantments, very unstealthy
A: unfitting armour, tough skin 1
a: Renounce Religion


You were on level 4 of the Dungeon.
You worshipped Okawaru.
Okawaru was noncommittal.
You were hungry.

You visited 2 branches of the dungeon, and saw 5 of its levels.

You collected 170 gold pieces.

Inventory:

Hand weapons
 t - a +0 flail (weapon)
   (You took it off an orc on level 3 of the Dungeon)
 u - a +0 whip of venom
   (You took it off a kobold on level 3 of the Dungeon)
Missiles
 c - 2 throwing nets {=f, !d}
 v - 190 stones (quivered)
Armour
 d - a +0 robe (worn)
Jewellery
 y - a ring of sustain abilities (right hand) {SustAb}
   (You found it on level 3 of the Dungeon)
 E - a +3 ring of strength (left hand)
   (You found it on level 4 of the Dungeon)
Magical devices
 x - a wand of paralysis (11)
   (You found it on level 3 of the Dungeon)
Scrolls
 f - 2 scrolls of remove curse {unknown}
 h - a scroll of fog {unknown}
 i - 2 scrolls of teleportation {unknown}
 j - a scroll of magic mapping {unknown}
 m - 3 scrolls of enchant weapon {unknown}
 n - 3 scrolls of amnesia {unknown}
 o - a scroll of random uselessness {unknown}
 r - 2 scrolls of fear {unknown}
 s - a scroll of blinking {unknown}
 C - a scroll of enchant armour {unknown}
Potions
 l - a potion of ambrosia {unknown}
 p - a potion of agility
 w - 2 potions of magic {unknown}
 D - a potion of brilliance
Books
 B - a book of the Dragon
   (You found it on level 3 of the Dungeon)
Comestibles
 a - a meat ration {@e2}
 e - 2 bread rations {@e1}
 k - 9 fruits
 q - a beef jerky
 A - a royal jelly


   Skills:
 - Level 2.6 Fighting
 * Level 8.3 Maces & Flails
 - Level 4.3 Throwing
 - Level 2.0 Dodging
 - Level 1.0 Stealth


You had 5 spell levels left.
You didn't know any spells.

Dungeon Overview and Level Annotations

Branches:
Dungeon (4/15)             Temple (1/1) D:4

Altars:
Dithmenos
Fedhas
Gozag
Makhleb
Nemelex Xobeh
Okawaru
Ru
Sif Muna
Xom
Yredelemnul

Annotations:
D:4 Lathuz's ghost, average MiFi


Innate Abilities, Weirdness & Mutations

You are too large for most types of armour.
You have tough skin (AC +1).


Message History

You take 1 damage, and have 55/59 hp.
You miss the adder. The adder bites you but does no damage.
You hit the adder but do no damage.
The adder looks even sicker.
You kill the adder!
Okawaru accepts your kill.
You start resting.
You feel sick.
You feel sick. x5
You are no longer poisoned.
You take 3 damage, and have 52/59 hp.
v - 187 stones (gained 1)
v - 188 stones (gained 1)
v - 189 stones (gained 1)
v - 190 stones (gained 1)
v - 191 stones (gained 1)
Found a stone staircase leading down.
Health restored: 59 A bat comes into view.
Aim: a bat (resting)
You throw a stone. The stone hits the bat.
You kill the bat!
Okawaru accepts your kill.
Okay, then.
v - 191 stones (gained 1) Lathuz's ghost (average Minotaur Fighter) comes into view.
Here: Lathuz's ghost (hasn't noticed you)
The floor.
Lathuz's ghost is nearby!
Drink which item? (? for menu, Esc to quit)
Okay, then.
Quiver which item? (- for none, * to show all) (? for menu, Esc to quit)
Quivering
b - 3 large rocks {!d} for throwing.
Aim: Lathuz's ghost (hasn't noticed you)
You throw a large rock {!d}.
The large rock {!d} barely misses Lathuz's ghost.
Lathuz's ghost turns its malevolent gaze towards you.
Aim: Lathuz's ghost You throw a large rock {!d}.
The large rock {!d} hits Lathuz's ghost!!
Aim: Lathuz's ghost (heavily damaged)
You throw a large rock {!d}.
The large rock {!d} barely misses Lathuz's ghost.
Quiver which item? (- for none, * to show all) (? for menu, Esc to quit)
Quivering
v - 191 stones for throwing.
Aim: Lathuz's ghost (heavily damaged)
You throw a stone.
The stone hits Lathuz's ghost but does no damage.
You hit Lathuz's ghost.
You hit Lathuz's ghost but do no damage.
Lathuz's ghost hits you!
You take 8 damage, and have 51/59 hp.
You hit Lathuz's ghost but do no damage.
Lathuz's ghost hits you.
You take 3 damage, and have 48/59 hp.
You hit Lathuz's ghost but do no damage.
You barely miss Lathuz's ghost. Lathuz's ghost hits you!
You take 15 damage, and have 33/59 hp.
MASSIVE DAMAGE!!
You are too injured to fight recklessly!
There are no items here.
Lathuz's ghost says, "Crushing you to a pulp will hurt a lot.
After that?
Painless!
I promise!"
You hit Lathuz's ghost but do no damage.
Lathuz's ghost barely misses you.
You hit Lathuz's ghost but do no damage.
You hit Lathuz's ghost but do no damage.
Lathuz's ghost closely misses you.
You hit Lathuz's ghost. Lathuz's ghost hits you!
You take 16 damage, and have 19/59 hp.
MASSIVE DAMAGE!!
Drink which item? (? for menu, Esc to quit)
You feel much better. Lathuz's ghost closely misses you.
You regained 28 hp, and now have 47/59 hp.
Wield which item (- for none, * to show all)? (? for menu, Esc to quit)
Your +0 whip of venom stops dripping with poison.
t - a +0 flail (weapon)
You sock Lathuz's ghost! Lathuz's ghost hits you!
You take 10 damage, and have 37/59 hp.
You hit Lathuz's ghost. Lathuz's ghost closely misses you.
You hit Lathuz's ghost but do no damage.
Lathuz's ghost barely misses you.
You hit Lathuz's ghost but do no damage.
You are feeling hungry.
Lathuz's ghost hits you!
You take 7 damage, and have 31/59 hp.
You hit Lathuz's ghost but do no damage.
Lathuz's ghost hits you!
You take 7 damage, and have 24/59 hp.
You hit Lathuz's ghost. Lathuz's ghost hits you!
* * * LOW HITPOINT WARNING * * *
You take 10 damage, and have 14/59 hp.
You hit Lathuz's ghost. Lathuz's ghost hits you!
* * * LOW HITPOINT WARNING * * *
You take 12 damage, and have 2/59 hp.
MASSIVE DAMAGE!!
Drink which item? (? for menu, Esc to quit)
You feel better. Lathuz's ghost hits you.
* * * LOW HITPOINT WARNING * * *
You regained 5 hp, and now have 7/59 hp.
You hit Lathuz's ghost but do no damage.
Lathuz's ghost hits you!
You die...

#............###....##
#..####......###.....# #.
##.#....##...#...# ##.
##..#....#....# ..# #..
#..###........# ..## #..
##..# #.....#..# ...
#..###..##..####...####.##
... #(....(...........##
#..# .. ##..(........W@..##
#..###.# #(.###....####..##
##..##..# .
#.....##....####....#..##
#........................#
#.................###......
.....>.........#### #..####
....#..........# ##.##
..#.........# #..#
.........# ##..# #.


You could see Lathuz's ghost.

Vanquished Creatures
  2 scorpions
  Ijyb (D:3)
  An orc wizard (D:1)
  6 gnolls
  4 adders
  3 worms (D:3)
  2 giant geckos
  6 orcs
  7 bats
  4 giant cockroaches
  17 goblins
  8 hobgoblins
  6 giant newts
  7 jackals
  10 kobolds
  A quokka (D:2)
  9 rats
94 creatures vanquished.

Notes
Turn   | Place    | Note
--------------------------------------------------------------
     0 | D:1      | drasked, the Ogre Hunter, began the quest for the Orb.
     0 | D:1      | Reached XP level 1. HP: 22/22 MP: 1/1
   217 | D:1      | Reached skill level 1 in Maces & Flails
   241 | D:1      | Reached skill level 2 in Dodging
   521 | D:1      | Reached XP level 2. HP: 29/29 MP: 2/2
   872 | D:1      | Reached skill level 2 in Maces & Flails
  1172 | D:1      | Reached skill level 1 in Stealth
  1285 | D:1      | Reached skill level 3 in Maces & Flails
  1285 | D:1      | Reached XP level 3. HP: 27/36 MP: 3/3
  1485 | D:2      | Reached skill level 4 in Maces & Flails
  1582 | D:2      | Reached XP level 4. HP: 34/44 MP: 4/4
  2099 | D:2      | Found an opulent altar of Gozag.
  2199 | D:2      | Reached skill level 5 in Maces & Flails
  2440 | D:2      | Found a shimmering altar of Xom.
  2459 | D:2      | HP: 11/44 [poisoned by a gnoll]
  2461 | D:2      | HP: 5/44 [gnoll/spear of chaos (3)]
  2466 | D:2      | HP: 11/44 [poisoned by a gnoll]
  2709 | D:2      | Reached XP level 5. HP: 50/50 MP: 5/5
  3041 | D:3      | Reached skill level 6 in Maces & Flails
  3212 | D:3      | HP: 12/50 [poisoned by a kobold]
  3217 | D:3      | HP: 9/50 [poisoned by a kobold]
  3223 | D:3      | HP: 7/50 [poisoned by a kobold]
  3229 | D:3      | HP: 6/50 [poisoned by a kobold]
  3237 | D:3      | HP: 5/50 [poisoned by a kobold]
  4016 | D:3      | Noticed Ijyb
  4028 | D:3      | Killed Ijyb
  4065 | D:3      | Reached skill level 7 in Maces & Flails
  4065 | D:3      | Reached XP level 6. HP: 44/59 MP: 6/6
  5087 | D:4      | Found a staircase to the Ecumenical Temple.
  5096 | Temple   | Entered the Ecumenical Temple
  5199 | Temple   | Became a worshipper of Warmaster Okawaru
  5333 | D:4      | Reached skill level 8 in Maces & Flails
  5748 | D:4      | Noticed Lathuz's ghost (average MiFi)
  5774 | D:4      | HP: 14/59 [Lathuz's ghost (10)]
  5775 | D:4      | HP: 2/59 [Lathuz's ghost (12)]
  5777 | D:4      | Mangled by Lathuz's ghost

Action                   |  1- 3 |  4- 6 || total
-------------------------+-------+-------++-------
Melee: Club              |    68 |       ||    68
       Unarmed           |     7 |       ||     7
       Mace              |    10 |   100 ||   110
       Whip              |       |    98 ||    98
       Flail             |       |    22 ||    22
Throw: Large rock        |    12 |    13 ||    25
       Stone             |       |   152 ||   152
  Use: Potion            |       |     6 ||     6
  Eat: Chunk             |     2 |    13 ||    15

Vault maps used:
D:1:      dpeg_arrival_rooms_c, minmay_strange_pillars,
          kennysheep_decorative_pillar
D:2:      lemuel_doored_altar, tgw_xom
D:3:      serial_glass, glass_columns_b, glass_columns_b, uniq_iyjb
D:4:      minmay_temple_entry_mist, first_bread, roderic_serpentine_path
Temple:   dpeg_five_rooms_temple_12

Table legend:
 A = Turns spent in this place as a percentage of turns spent in the entire game.
 B = Non-inter-level travel turns spent in this place as a percentage of non-inter-level travel turns spent in the entire game.
 C = Inter-level travel turns spent in this place as a percentage of turns spent in this place.
 D = Turns resting spent in this place as a percentage of non-inter-level travel turns spent in this place.
 E = Turns spent auto-exploring this place as a percentage of non-inter-level travel turns spent in this place.
 F = Non-inter-level travel turns spent in this place divided by the number of levels of this place that you've seen.
                   A       B       C       D       E      F
               +-------+-------+-------+-------+-------+----------------------
         Total | 100.0 | 100.0 |   1.6 |   4.0 |   9.2 | 303.4
       Dungeon |  97.6 |  97.6 |   1.6 |   4.1 |   9.1 | 370.2
        Temple |   2.4 |   2.4 |   2.7 |   0.0 |  11.1 |  36.0
               +-------+-------+-------+-------+-------+----------------------

Table legend:
 A = Kills in this place as a percentage of kills in entire the game.
 B = Kills by you in this place as a percentage of kills by you in the entire game.
 C = Kills by friends in this place as a percentage of kills by friends in the entire game.
 D = Other kills in this place as a percentage of other kills in the entire game.
 E = Experience gained in this place as a percentage of experience gained in the entire game.
 F = Experience gained in this place divided by the number of levels of this place that you have seen.
                   A       B       C       D       E      F
               +-------+-------+-------+-------+-------+----------------------
         Total | 100.0 | 100.0 |  -nan |  -nan | 100.0 | 101.6
       Dungeon | 100.0 | 100.0 |  -nan |  -nan | 100.0 | 127.0
               +-------+-------+-------+-------+-------+----------------------
